 Dungeon Crawl Stone Soup version 0.24.0-1-gfbc8707122 (webtiles) character file.

Game seed: 18120733232069400308, levelgen mode: deterministic

226310 Arum the Warrior (level 18, -4/155 HPs)
             Began as a Demonspawn Gladiator on Oct 27, 2019.
             Was a High Priest of Okawaru.
             Killed from afar by Nikola (24 damage)
             ... with a chain lightning
             ... on level 4 of the Snake Pit.
             The game lasted 01:57:55 (46622 turns).

Arum the Warrior (Demonspawn Gladiator)            Turns: 46622, Time: 01:57:56

Health: -4/155     AC: 26    Str: 23    XL:     18   Next: 64%
Magic:  19/21      EV: 19    Int: 10    God:    Okawaru [*****.]
Gold:   763        SH:  9    Dex: 18    Spells: 17/17 levels left

rFire    + . .     SeeInvis .   g - +5 double sword (protect)
rCold    . . .     Gourm    .   b - +2 buckler {reflect}
rNeg     + . .     Faith    .   V - +2 chain mail {rPois}
rPois    +         Spirit   .   q - +2 hat {MR+}
rElec    .         Reflect  +   c - scarf {cloud immunity}
rCorr    .         Harm     .   (gloves unavailable)
MR       ++++.                  u - +0 pair of boots
Stlth    ..........             B - amulet of regeneration
HPRegen  0.75/turn              s - ring "Agimn" {+Fly rN+ MR+ Str+4}
MPRegen  0.17/turn              Z - ring of protection from magic

@: heroism, sanguine armour
A: claws 3, fire resistance 1, spiny 3, flame cloud immunity, sanguine armour 1
}: 1/15 runes: decaying
a: Heroism, Finesse, Renounce Religion, Evoke Flight


You were on level 4 of the Snake Pit.
You worshipped Okawaru.
Okawaru was extremely pleased with you.
You were not hungry.

You visited 6 branches of the dungeon, and saw 31 of its levels.
You also visited: Sewer and Ice Cave.

You collected 2683 gold pieces.
You spent 1920 gold pieces at shops.

Inventory:

Hand Weapons
 e - a +5 quick blade
 g - a +5 double sword of protection (weapon)
 t - a +0 scimitar of flaming
 L - a +0 great sword
 S - a +4 long sword
Missiles
 d - 4 throwing nets
 m - 16 silver javelins
 X - 13 javelins (quivered)
Armour
 b - a +2 buckler of reflection (worn)
 c - a scarf of cloud immunity (worn)
 q - a +2 hat of magic resistance (worn)
 u - a +0 pair of boots (worn)
 A - the +0 ring mail "Put-Me-On" {*Drain Dex+8 Stlth+}
   (You found it on level 1 of the Swamp)

   It affects your dexterity (+8).
   It causes draining when unequipped.
   It makes you more stealthy.
 V - a +2 chain mail of poison resistance (worn)
Jewellery
 p - an uncursed ring of protection from cold
 s - the ring "Agimn" (left claw) {+Fly rN+ MR+ Str+4}
   (You bought it in a shop on level 1 of the Snake Pit)

   [ring of positive energy]

   It affects your strength (+4).
   It protects you from negative energy.
   It affects your resistance to hostile enchantments.
   It lets you fly.
 y - an uncursed ring of protection from cold
 B - an amulet of regeneration (around neck)
 G - the amulet "Bedghi" {Gourm rPois MR- Int+3}
   (You found it on level 13 of the Dungeon)

   [amulet of the gourmand]

   It allows you to eat raw meat even when not hungry.
   It affects your intelligence (+3).
   It protects you from poison.
   It affects your resistance to hostile enchantments.
 Y - an uncursed amulet of the gourmand {unknown}
 Z - a ring of protection from magic (right claw)
Wands
 l - a wand of paralysis (8)
 O - a wand of acid (17)
 T - a wand of random effects (44)
 U - a wand of clouds (3)
 W - a wand of digging (3)
Scrolls
 i - 3 scrolls of fear
 j - 13 scrolls of teleportation
 o - 15 scrolls of remove curse
 r - 9 scrolls of enchant weapon
 w - 6 scrolls of immolation
 F - 7 scrolls of blinking
 I - 5 scrolls of fog
 K - 6 scrolls of enchant armour
 R - 5 scrolls of magic mapping
Potions
 h - 2 potions of agility
 n - 6 potions of lignification
 v - 3 potions of mutation
 x - a potion of resistance
 z - 3 potions of brilliance {unknown}
 C - a potion of ambrosia {unknown}
 D - 9 potions of curing
 E - 5 potions of might
 H - 4 potions of flight
 J - 3 potions of invisibility
 M - 6 potions of haste
 Q - 4 potions of cancellation {unknown}
Miscellaneous
 a - a lamp of fire
 k - a lightning rod (4/4)
Comestibles
 f - 29 rations


   Skills:
 + Level 17.4(22.4) Fighting
 - Level 7.6(17.8) Short Blades
 - Level 15.9(21.5) Long Blades
 - Level 1.7(6.7) Throwing
 + Level 13.7(18.7) Armour
 - Level 10.0(15.0) Dodging
 - Level 4.1(9.1) Shields
 + Level 6.2(11.2) Unarmed Combat
 - Level 5.0 Invocations


You had 17 spell levels left.
You didn't know any spells.
Your spell library contained the following spells:

 Spells                   Type           Power        Failure   Level  Hunger
 Confusing Touch          Hex            #.....       80%         1    ##.....
 Corona                   Hex            #......      80%         1    ##.....
 Freeze                   Ice            #...         80%         1    ##.....
 Shock                    Conj/Air       #...         80%         1    ##.....
 Slow                     Hex            #.......     91%         2    ###....
 Swiftness                Chrm/Air       #.......     91%         2    ###....
 Throw Frost              Conj/Ice       #.....       91%         2    ###....
 Confuse                  Hex            #.......     99%         3    ####...
 Gell's Gravitas          Tloc           #.........   99%         3    ####...
 Inner Flame              Hex/Fire       #.......     99%         3    ####...
 Ozocubu's Armour         Chrm/Ice       #.......     99%         3    ####...
 Portal Projectile        Hex/Tloc       #.....       99%         3    ####...
 Static Discharge         Conj/Air       #.......     99%         3    ####...
 Airstrike                Air            #.........   100%        4    #####..
 Cause Fear               Hex            #.........   100%        4    #####..
 Leda's Liquefaction      Hex/Erth       #.........   100%        4    #####..
 Petrify                  Tmut/Erth      #.......     100%        4    #####..
 Summon Ice Beast         Ice/Summ       #.......     100%        4    #####..
 Throw Icicle             Conj/Ice       #.......     100%        4    #####..
 Bolt of Magma            Conj/Fire/Erth #.........   100%        5    ######.
 Iskenderun's Battlesphe  Conj/Chrm      #.......     100%        5    ######.
 Lightning Bolt           Conj/Air       #.........   100%        5    ######.
 Metabolic Englaciation   Hex/Ice        #.........   100%        5    ######.
 Silence                  Hex/Air        #.........   100%        5    ######.
 Venom Bolt               Conj/Pois      #.........   100%        5    ######.
 Yara's Violent Unravell  Hex/Tmut       #.........   100%        5    ######.
 Deflect Missiles         Chrm/Air       #.........   100%        6    #######
 Iron Shot                Conj/Erth      #.........   100%        6    #######
 Orb of Destruction       Conj           #.........   100%        7    #######
 Spellforged Servitor     Conj/Summ      #.........   100%        7    #######
 Discord                  Hex            #.........   100%        8    #######


Dungeon Overview and Level Annotations

Branches:
Dungeon (14/15)            Temple (1/1) D:5            Lair (6/6) D:10
  Swamp (4/4) Lair:4        Snake (4/4) Lair:2        Slime (0/5) Lair:5
    Orc (2/2) D:10            Elf (0/3) Orc:2        Vaults (0/5) D:13
  Sewer (visited)           IceCv (visited)

Altars:
Ashenzari
Cheibriados
Dithmenos
Elyvilon
Fedhas
Gozag
Hepliaklqana
Kikubaaqudgha
Makhleb
Nemelex Xobeh
Okawaru
Qazlal
Ru
Sif Muna
Trog
Uskayaw
Vehumet
Wu Jian
Xom
Yredelemnul
Zin
The Shining One
Beogh
Jiyva

Shops:
D:6 }   D:8 !   Orc:2 ((:!   Snake:1 !}}=

Annotations:
D:6 2 transporters, night's ghost, novice NaFi
D:7 2 transporters
Lair:3 3 runed translucent doors, Dikli's ghost, journeyman MiBe
Snake:1 exclusion: 3 oklob plants
Snake:4 Nikola


Innate Abilities, Weirdness & Mutations

You have claws for hands.
Your flesh is heat resistant. (rF+)
You are completely covered in sharp spines.
You are immune to clouds of flame.
When seriously injured, your bleeding wounds create armour. (AC +6)


Message History

Nikola shouts!
You hear a shout!
Nikola gestures wildly while chanting.
You hear a mighty clap of thunder!
The lightning arc hits you!!
The lightning arc grounds out.
You hear a shout!
You gain the combat prowess of a mighty hero.
Nikola mumbles some strange words.
You hear a mighty clap of thunder!
The lightning arc hits you!!
Your blood congeals into armour.
The lightning arc hits Nikola.
The lightning arc hits you!!
The lightning arc hits Nikola.
The lightning arc hits you!!
The lightning arc hits Nikola.
You hear a shout! x6; You hear an angry hiss.
You hear a shout!
Unknown command.
Nikola casts a spell.
You hear a mighty clap of thunder!
The lightning arc hits you!!
* * * LOW HITPOINT WARNING * * *
The lightning arc hits Nikola.
The lightning arc hits you!!
You die...

#.# #.. #.# #..#####
#######.# ##......###
####.......#
#.....@.#.###..#.......#
#.......#......#.......#
#......#......#......##
##.....#......#.....##.
##.....@#......'....##..
#.......#......#...##.[≈
#.......##.....#..##÷.≈≈
#..).....#######.##.(≈≈≈
#.......).......##.§≈§§#
#..............##)§≈≈§##
#..............#.)≈§§##
#...............#(.≈≈≈#
##..............#+#####


You could see Nikola.

Vanquished Creatures
  Vashnia (Snake:1)
  Bai Suzhen (Swamp:3)
  Saint Roka (Snake:4)
  A thorn hunter (Swamp:4)
  Kirke (Swamp:4)
  4 nagarajas
  A frost giant (IceCv)
  Aizul (Snake:2)
  A very ugly thing (Swamp:4)
  The ghost of Tungsten the Warrior, a journeyman CeWz of Okawaru (Lair:6)
  The ghost of Ribudoz the Blocker, a journeyman GnFi of Okawaru (Lair:5)
  Azrael (Orc:1)
  Snorg (Lair:6)
  Erolcha (Orc:2)
  4 vault guards (D:13)
  19 hydras
  Fannar (D:10)
  Harold (D:7)
  A merfolk avatar (Lair:6)
  A shambling mangrove (Swamp:4)
  A ghost crab (Swamp:2)
  4 catoblepae
  2 centaur warriors (D:13)
  8 naga warriors
  16 alligators
  6 anacondas
  5 two-headed ogres
  2 ogre magi
  2 tengu warriors
  9 death yaks
  Urug (Lair:4)
  10 naga sharpshooters
  6 shock serpents
  A salamander mystic (Snake:4)
  4 unseen horrors
  A spriggan druid (Swamp:4)
  2 lindwurms (Snake:4)
  10 swamp dragons
  Pikel (D:7)
  2 orc knights (Orc:1)
  4 naga ritualists
  6 mana vipers
  10 orc sorcerers
  2 wolf spider zombies (D:13)
  6 ugly things (D:14)
  2 cyclopes
  A manticore (Lair:6)
  9 salamanders
  9 elephants
  2 centaur zombies
  15 naga magi
  21 black mambas
  An ice statue (IceCv)
  2 centaur skeletons
  2 gargoyles
  6 rime drakes
  Psyche (D:11)
  20 spiny frogs
  11 komodo dragons
  7 trolls
  7 tyrant leeches
  A wind drake (shapeshifter) (D:13)
  3 meliai (D:13)
  16 polar bears
  8 hornets
  2 wind drakes (Lair:6)
  5 blink frogs (Lair:6)
  7 hippogriffs
  18 slime creatures
  Grinder (D:6)
  9 bog bodies
  A meliai zombie (D:11)
  5 dream sheep (Lair:4)
  Sigmund (D:2)
  3 spriggans
  2 wraiths
  49 yaks
  3 basilisks
  8 wyverns
  A fire elemental (Orc:2)
  20 vampire mosquitoes
  3 hungry ghosts
  4 wargs (D:10)
  12 insubstantial wisps
  21 nagas
  12 swamp worms
  2 acid dragons
  10 water moccasins
  2 porcupines
  4 hell hounds (Orc:1)
  10 swamp drakes
  2 ice beasts
  22 orc warriors
  5 sky beasts
  2 phantoms
  2 necrophages
  16 ogres
  37 wolves
  9 centaurs
  16 crocodiles
  5 big kobolds
  19 bullfrogs
  5 scorpions
  A killer bee (D:12)
  11 wights
  2 howler monkeys
  2 electric eels (Lair:6)
  16 crimson imps
  4 bullfrog zombies
  5 jellies
  A gnoll shaman (D:5)
  19 orc priests
  2 bullfrog skeletons
  7 hounds
  41 orc wizards
  4 iguanas
  Natasha (thrice) (D:3)
  13 worker ants
  A killer bee zombie (D:7)
  A hound skeleton (D:7)
  7 gnolls
  17 adders
  A river rat (D:4)
  8 shadow imps
  4 oozes
  2 adder skeletons
  4 worms
  3 dart slugs
  6 leopard geckos
  79 orcs
  4 ball pythons
  6 giant cockroaches
  9 goblins
  8 hobgoblins
  7 jackals
  23 kobolds
  9 quokkas
  12 bats
  4 frilled lizards
  13 rats
1023 creatures vanquished.

Vanquished Creatures (collateral kills)
  An orc warrior (D:7)
  A wolf (IceCv)
  A big kobold (D:12)
  An orc priest (D:7)
  A hound (D:7)
  4 orcs (D:7)
  A kobold (D:12)
10 creatures vanquished.

Vanquished Creatures (others)
  A naga sharpshooter (Snake:2)
  A naga ritualist (Snake:4)
  A polar bear (IceCv)
  3 humans (Swamp:4)
  A naga (Lair:2)
  4 slaves (D:7)
  3 swamp drakes
  A howler monkey (D:7)
  4 orcs
  2 fungi
  14 plants
  9 toadstools (Lair:1)
44 creatures vanquished.

Grand Total: 1077 creatures vanquished

Notes
Turn   | Place    | Note
-------+----------+-------------------------------------------
     0 | D:1      | Arum the Demonspawn Gladiator began the quest for the Orb.
     0 | D:1      | Reached XP level 1. HP: 16/16 MP: 1/1
   272 | D:1      | Gained mutation: You are partially covered in sharp spines.
                  | [demonic ancestry]
   272 | D:1      | Reached XP level 2. HP: 20/22 MP: 2/2
   919 | D:2      | Reached XP level 3. HP: 28/28 MP: 3/3
  1174 | D:2      | Found a snail-covered altar of Cheibriados.
  1195 | D:2      | Gained mutation: You are mostly covered in sharp spines.
                  | [demonic ancestry]
  1195 | D:2      | Reached XP level 4. HP: 32/34 MP: 4/4
  1207 | D:2      | Reached skill level 3 in Fighting
  1298 | D:2      | Noticed Sigmund
  1306 | D:2      | Killed Sigmund
  1306 | D:2      | Gained mutation: You are completely covered in sharp
                  | spines. [demonic ancestry]
  1306 | D:2      | Reached XP level 5. HP: 42/42 MP: 5/5
  1436 | D:2      | Reached XP level 6. HP: 48/48 MP: 6/6
  1506 | D:3      | Reached skill level 4 in Fighting
  1612 | D:3      | Noticed Natasha
  1623 | D:3      | Killed Natasha
  1970 | D:3      | Noticed Natasha
  1978 | D:3      | Killed Natasha
  2023 | D:3      | Noticed Natasha
  2030 | D:3      | Killed Natasha
  2256 | D:4      | Gained mutation: You have sharp fingernails. [demonic
                  | ancestry]
  2256 | D:4      | Reached XP level 7. HP: 55/55 MP: 7/7
  2324 | D:4      | Reached skill level 1 in Shields
  2394 | D:4      | Found a hide-covered altar of Uskayaw.
  2395 | D:4      | Found a hazy altar of Hepliaklqana.
  2771 | D:4      | Found a glowing drain.
  2787 | Sewer    | Entered a sewer
  2809 | Sewer    | Reached skill level 5 in Long Blades
  2809 | Sewer    | Reached skill level 5 in Dodging
  2816 | Sewer    | Reached skill level 5 in Fighting
  3208 | Sewer    | Reached XP level 8. HP: 57/62 MP: 8/8
  3297 | D:5      | Entered Level 5 of the Dungeon
  3644 | D:5      | Found a staircase to the Ecumenical Temple.
  3653 | Temple   | Entered the Ecumenical Temple
  3725 | Temple   | Became a worshipper of Ru the Awakened
  3761 | D:5      | Found an iron altar of Okawaru.
  3788 | D:5      | Fell from the grace of Ru
  3788 | D:5      | Became a worshipper of Warmaster Okawaru
  4034 | D:5      | Found a glowing silver altar of Zin.
  4334 | D:6      | Reached * piety under Okawaru
  4347 | D:6      | Found a transporter.
  4347 | D:6      | Noticed night's ghost (novice NaFi)
  4354 | D:6      | Reached skill level 6 in Fighting
  4360 | D:6      | Noticed Grinder
  4378 | D:6      | Killed Grinder
  4399 | D:6      | Reached XP level 9. HP: 15/71 MP: 9/9
  4701 | D:6      | Found Mioxyb's Gadget Boutique.
  4807 | D:6      | Found a shadowy altar of Dithmenos.
  4871 | D:6      | Reached ** piety under Okawaru
  4896 | D:6      | Found a basalt altar of Yredelemnul.
  4897 | D:6      | Found a burning altar of Makhleb.
  4897 | D:6      | Found a sparkling altar of Nemelex Xobeh.
  4899 | D:6      | Found a glowing golden altar of the Shining One.
  4902 | D:6      | Found an ancient bone altar of Kikubaaqudgha.
  5063 | D:6      | Found a transporter.
  5381 | D:7      | Noticed Pikel
  5404 | D:7      | Killed Pikel
  5404 | D:7      | Reached skill level 7 in Fighting
  5404 | D:7      | Reached skill level 1 in Short Blades
  5815 | D:7      | Noticed Harold
  5848 | D:7      | Was placed under penance by Okawaru
  5858 | D:7      | Killed Harold
  5858 | D:7      | Was forgiven by Okawaru
  5892 | D:7      | Reached *** piety under Okawaru
  5892 | D:7      | Gained mutation: When seriously injured, your bleeding
                  | wounds create armour. (AC +6) [demonic ancestry]
  5892 | D:7      | Reached XP level 10. HP: 64/80 MP: 10/10
  6160 | D:7      | Found a transporter.
  6179 | D:7      | Found a transporter.
  6286 | D:7      | Reached skill level 8 in Fighting
  7358 | D:8      | Reached **** piety under Okawaru
  7362 | D:8      | Found Reodiqoe's Distillery.
  7365 | D:8      | Bought a potion of heal wounds for 70 gold pieces
  7499 | D:9      | Noticed a two-headed ogre
  7516 | D:9      | Killed a two-headed ogre
  7516 | D:9      | Received a gift from Okawaru
  8152 | D:9      | Reached skill level 5 in Short Blades
  8528 | D:9      | Reached skill level 9 in Fighting
  8925 | D:9      | Gained mutation: Your flesh is heat resistant. (rF+)
                  | [demonic ancestry]
  8925 | D:9      | Reached XP level 11. HP: 89/89 MP: 11/11
  9166 | D:10     | Entered Level 10 of the Dungeon
  9274 | D:10     | Found a staircase to the Orcish Mines.
  9283 | D:10     | Reached ***** piety under Okawaru
  9375 | D:10     | Found a staircase to the Lair.
 10092 | D:10     | Noticed Fannar
 10133 | D:10     | Killed Fannar
 10635 | D:11     | Found a frozen archway.
 10638 | D:11     | Noticed a tengu warrior
 10667 | D:11     | Killed a tengu warrior
 10684 | IceCv    | Entered an ice cave
 10884 | IceCv    | Reached skill level 1 in Invocations
 10925 | IceCv    | Received a gift from Okawaru
 11287 | IceCv    | Noticed a death yak
 11300 | IceCv    | Killed a death yak
 11302 | IceCv    | Reached skill level 10 in Fighting
 11526 | IceCv    | Reached skill level 5 in Invocations
 11763 | IceCv    | Received a gift from Okawaru
 11763 | IceCv    | Reached XP level 12. HP: 59/97 MP: 15/15
 11979 | IceCv    | Received a gift from Okawaru
 12233 | IceCv    | Noticed a death yak
 12233 | IceCv    | Noticed a death yak
 12233 | IceCv    | Noticed a frost giant
 12251 | IceCv    | Killed a death yak
 12274 | IceCv    | Killed a frost giant
 12274 | IceCv    | Reached skill level 10 in Dodging
 12285 | IceCv    | Killed a death yak
 12285 | IceCv    | Reached skill level 10 in Long Blades
 12633 | IceCv    | Got a dazzling halberd
 12726 | IceCv    | Identified the +11 halberd of Fimbulwinter {venom, rPois
                  | rN+ Dex-2 SInv} (You found it in an ice cave)
 13259 | D:11     | Noticed Psyche
 13266 | D:11     | Killed Psyche
 13271 | D:11     | Reached skill level 1 in Armour
 13394 | D:11     | Reached skill level 11 in Fighting
 14160 | D:12     | Received a gift from Okawaru
 14263 | D:12     | Reached ****** piety under Okawaru
 14681 | D:12     | Noticed a tengu warrior
 14689 | D:12     | Noticed an ogre mage
 14707 | D:12     | Received a gift from Okawaru
 14712 | D:12     | Got a polished quarterstaff {god gift}
 14742 | D:12     | Identified the +5 quarterstaff "Keuntigh" {flame, Str+2}
                  | (Okawaru gifted it to you on level 12 of the Dungeon)
 14750 | D:12     | Got a slimy glaive
 14757 | D:12     | Identified the +1 glaive "Alelagi" {freeze, rElec rN+ Str+4
                  | Int-3} (You found it on level 12 of the Dungeon)
 14761 | D:12     | Identified a scroll of acquirement
 14831 | D:12     | Killed a tengu warrior
 14831 | D:12     | Reached XP level 13. HP: 65/106 MP: 16/16
 16217 | D:13     | Got a smoking pewter amulet
 16258 | D:13     | Found an ancient bone altar of Kikubaaqudgha.
 16630 | D:13     | Received a gift from Okawaru
 16704 | D:13     | Found a gate to the Vaults.
 16726 | D:13     | Reached skill level 12 in Fighting
 16726 | D:13     | Reached skill level 5 in Armour
 18190 | D:14     | Found a burning altar of Makhleb.
 19140 | Orc:1    | Entered Level 1 of the Orcish Mines
 19239 | Orc:2    | Entered Level 2 of the Orcish Mines
 19245 | Orc:2    | Noticed Azrael
 19256 | Orc:1    | Received a gift from Okawaru
 19483 | Orc:2    | Reached XP level 14. HP: 110/116 MP: 17/17
 19501 | Orc:1    | Killed Azrael
 19716 | Orc:1    | Reached skill level 13 in Fighting
 19956 | Orc:1    | Identified the amulet "Bedghi" {Gourm rPois MR- Int+3} (You
                  | found it on level 13 of the Dungeon)
 20492 | Orc:2    | Found a staircase to the Elven Halls.
 20566 | Orc:2    | Found a bloodstained altar of Trog.
 21114 | Orc:1    | Found a roughly hewn altar of Beogh.
 22068 | Orc:2    | Paralysed by an orc sorcerer for 6 turns
 22375 | Orc:2    | Found Unampok's Distillery.
 22426 | Orc:2    | Found a radiant altar of Vehumet.
 22431 | Orc:2    | Noticed Erolcha
 22445 | Orc:2    | Killed Erolcha
 22789 | Orc:2    | Found a roughly hewn altar of Beogh.
 22789 | Orc:2    | Found Coziwuo's Antique Weapon Boutique.
 22789 | Orc:2    | Paralysed by an orc sorcerer for 4 turns
 22799 | Orc:2    | Found Uxired's Book Shop.
 22806 | Orc:2    | Found Miram's Antique Weapon Boutique.
 22844 | Orc:2    | Found an ancient bone altar of Kikubaaqudgha.
 22885 | Orc:2    | Bought a potion of lignification for 54 gold pieces
 22885 | Orc:2    | Bought a potion of might for 72 gold pieces
 22917 | Orc:2    | Bought a slimy rapier for 306 gold pieces
 23175 | Lair:1   | Entered Level 1 of the Lair of Beasts
 23719 | Lair:1   | Found a runed translucent door.
 23786 | Lair:1   | Received a gift from Okawaru
 24786 | Lair:1   | You fall into a shaft and drop 1 floor!
 25450 | Lair:2   | Found a staircase to the Snake Pit.
 26182 | Lair:3   | Found a runed translucent gate.
 26182 | Lair:3   | Found a runed translucent gate.
 26182 | Lair:3   | Found a runed translucent gate.
 26182 | Lair:3   | Noticed Dikli's ghost (journeyman MiBe)
 26386 | Lair:3   | Reached skill level 14 in Fighting
 26820 | Lair:3   | Identified the +1 rapier "Genoynem" {freeze, rN+ Str+3}
                  | (You bought it in a shop on level 2 of the Orcish Mines)
 27079 | Lair:3   | Got an opalescent robe
 27788 | Lair:4   | Noticed Urug
 27804 | Lair:4   | Reached XP level 15. HP: 80/126 MP: 18/18
 27819 | Lair:4   | Killed Urug
 28065 | Lair:4   | Found a staircase to the Swamp.
 28112 | Lair:4   | Received a gift from Okawaru
 28767 | Lair:5   | Found a viscous altar of Jiyva.
 28767 | Lair:5   | Found a staircase to the Slime Pits.
 29476 | Lair:5   | Found a runed translucent door.
 29478 | Lair:5   | Noticed Ribudoz's ghost (journeyman GnFi)
 29777 | Lair:5   | Killed Ribudoz's ghost
 29983 | Lair:6   | Entered Level 6 of the Lair of Beasts
 30680 | Lair:6   | Reached skill level 10 in Armour
 31101 | Lair:6   | Found a large runed translucent door.
 31102 | Lair:6   | Found a large runed translucent door.
 31103 | Lair:6   | Noticed Tungsten's ghost (journeyman CeWz)
 31397 | Lair:6   | Killed Tungsten's ghost
 32472 | Lair:6   | Received a gift from Okawaru
 32569 | Lair:6   | Noticed Snorg
 32585 | Lair:6   | Killed Snorg
 33132 | Lair:6   | Identified the +2 robe of Exojeoga {+Blink +Fly Str+2
                  | Int+4} (You found it on level 3 of the Lair of Beasts)
 33174 | Swamp:1  | Entered Level 1 of the Swamp
 33594 | Swamp:1  | Reached skill level 15 in Fighting
 33917 | Swamp:1  | Got a faintly humming ring mail
 35073 | Swamp:2  | Received a gift from Okawaru
 35132 | Swamp:2  | Identified the +0 ring mail "Put-Me-On" {*Drain Dex+8
                  | Stlth+} (You found it on level 1 of the Swamp)
 36071 | Swamp:3  | Gained mutation: You have very sharp fingernails. [demonic
                  | ancestry]
 36071 | Swamp:3  | Reached XP level 16. HP: 52/136 MP: 19/19
 37037 | Swamp:3  | Reached skill level 15 in Long Blades
 37037 | Swamp:3  | Gained mutation: You have claws for hands. [demonic
                  | ancestry]
 37037 | Swamp:3  | Reached XP level 17. HP: 142/142 MP: 20/20
 37197 | Swamp:3  | Received a gift from Okawaru
 37772 | Swamp:3  | Got a crude flail
 37795 | Swamp:4  | Entered Level 4 of the Swamp
 38544 | Swamp:4  | Identified the +9 flail of Indomitability {protect, rF+
                  | Str+8 Dex-4} (You found it on level 3 of the Swamp)
 38789 | Swamp:4  | Noticed Kirke
 38807 | Swamp:4  | Killed Kirke
 38901 | Swamp:4  | Noticed Bai Suzhen
 39196 | Swamp:3  | Killed Bai Suzhen
 39196 | Swamp:3  | Reached skill level 16 in Fighting
 39429 | Swamp:4  | Got a silken robe
 39750 | Swamp:4  | Received a gift from Okawaru
 39856 | Swamp:4  | Paralysed by a hornet for 3 turns
 40616 | Swamp:4  | Got a decaying rune of Zot
 40908 | Snake:1  | Entered Level 1 of the Snake Pit
 41380 | Snake:1  | Found Borump's Distillery.
 41389 | Snake:1  | Bought a potion of invisibility for 144 gold pieces
 41389 | Snake:1  | Bought a potion of haste for 180 gold pieces
 41389 | Snake:1  | Bought a potion of mutation for 144 gold pieces
 41421 | Snake:1  | Found Teyqu's Jewellery Shop.
 41421 | Snake:1  | Found Jithruj's Gadget Shoppe.
 41422 | Snake:1  | Found Leteonim's Gadget Shoppe.
 41433 | Snake:1  | Bought an uncursed amulet of regeneration for 390 gold
                  | pieces
 41433 | Snake:1  | Bought the ring "Agimn" {+Fly rN+ MR+ Str+4} for 560 gold
                  | pieces
 41649 | Snake:1  | Reached skill level 1 in Unarmed Combat
 42007 | Snake:2  | Noticed Vashnia
 42645 | Snake:1  | Killed Vashnia
 42773 | Snake:2  | Gained mutation: You are immune to clouds of flame.
                  | [demonic ancestry]
 42773 | Snake:2  | Reached XP level 18. HP: 111/153 MP: 21/21
 43057 | Snake:2  | Noticed Aizul
 43073 | Snake:2  | Killed Aizul
 43420 | Snake:2  | Received a gift from Okawaru
 44095 | Snake:3  | Reached skill level 17 in Fighting
 44941 | Snake:4  | Entered Level 4 of the Snake Pit
 45134 | Snake:4  | Reached skill level 5 in Unarmed Combat
 45466 | Snake:4  | Noticed Saint Roka
 45536 | Snake:4  | Killed Saint Roka
 46137 | Snake:4  | Received a gift from Okawaru
 46619 | Snake:4  | Noticed Nikola
 46622 | Snake:4  | Killed from afar by Nikola

Levels and vault maps discovered:
D:1:      dpeg_arrival_oval, layout_basic, serial_curves, eino_curves_01,
          eino_curves_02
D:2:      layout_rooms, kennysheep_slug_shrine, uniq_sigmund
D:3:      layout_rooms, uniq_natasha
D:4:      layout_cave_pools, gammafunk_temple_overflow_statue,
          portal_sewer_entry_e, first_ration
D:5:      layout_loops_ring, lemuel_doored_altar, old_standard_altar,
          minmay_temple_entry_crystal_x
D:6:      layout_loops_ring, minitemple, serial_shops, shop,
          gammafunk_ghost_arena, uniq_grinder
D:7:      gammafunk_steamed_eel, layout_loops_corners, uniq_pikel, uniq_harold
D:8:      layout_rooms, serial_shops, nicolae_shop_window_shopping
D:9:      layout_grid_maze
D:10:     wad_crossroads, layout_small_grid, lair_entry_dummy,
          minmay_orc_entry_guard_dogs, grunt_pizzeria, minmay_misc_feat_columns,
          uniq_fannar
D:11:     layout_irregular_city, portal_ice_cave_entry_pillars_1,
          nicolae_lava_and_water, uniq_psyche
D:12:     layout_layer_cave, minmay_mirror_moons_of_madness
D:13:     layout_roguey, lightli_vaults_fourway_checkpoint, basic_altar
D:14:     layout_loops_corners, basic_altar
Temple:   nicolae_temple_hex_pool
Lair:1:   gammafunk_lair_enchanted_lake, layout_cave_pods, st_stairs_8,
          grunt_megastairs_4, infiniplex_staircase_pool, serial_bayou_shore_b,
          serial_bayou_shore_b
Lair:2:   layout_small_grid, guppyfry_snake_entry_island
Lair:3:   layout_hall_layers, gammafunk_ghost_split
Lair:4:   layout_small_grid, swamp_mist_pool, grunt_megastairs_2, uniq_urug
Lair:5:   layout_roguey, slime_altar_1, ebering_ghost_inner_flame
Lair:6:   gammafunk_lair_ancient_temple, layout_cave_pods,
          ebering_ghost_disaster_area, serial_bayou_shore_b,
          serial_bayou_shore_b, serial_bayou_shore_a, uniq_snorg
Swamp:1:  layout_falls_marsh, evilmike_swamp_ruin_house_5
Swamp:2:  layout_falls_marsh, hangedman_swamp_diagram
Swamp:3:  layout_falls_marsh, nicolae_swamp_feature_on_the_river_bank,
          swamp_pool2
Swamp:4:  swamp, layout_basic_swamp, swamp_pool2, hangedman_swamp_lotus,
          uniq_kirke, uniq_bai_suzhen
Snake:1:  dpeg_oklob_gauntlet, layout_misc_corridors, serial_shops, shop,
          minmay_shop_grove
Snake:2:  layout_misc_corridors, serial_bayou_shore_b, uniq_aizul, uniq_vashnia
Snake:3:  layout_honeycomb
Snake:4:  snake_pit_salamanders_mu, layout_cave_town, grunt_ministairs_8,
          uniq_saint_roka, uniq_nikola
Orc:1:    layout_caves, basic_altar
Orc:2:    kennysheep_orc_mage_school, layout_caves, bloody_trog, uniq_azrael

Skill      XL: |  1  2  3  4  5  6  7  8  9 10 11 12 13 14 15 16 17 18 |
---------------+-------------------------------------------------------+-----
Dodging        | 3 4 5 6 7 8 9 10 | 10.0
Long Blades    | 3 4 5 6 7 8 9 10 12 13 14 15 | 15.9
Fighting       | 3 4 5 6 7 9 10 11 12 14 15 16 17 | 17.4
Shields        | 3 4 |  4.1
Short Blades   | 3 5 6 7 |  7.6
Invocations    | 5 |  5.0
Armour         | 3 7 9 11 12 13 | 13.7
Unarmed Combat | 2 6 |  6.2
Throwing       | |  1.7

Action                   |  1- 3 |  4- 6 |  7- 9 | 10-12 | 13-15 | 16-18 || total
-------------------------+-------+-------+-------+-------+-------+-------++-------
Melee: Long sword        |    74 |    84 |    79 |       |   770 |       ||  1007
       Short sword       |       |       |   245 |   518 |       |       ||   763
       Falchion          |       |       |       |   521 |  1191 |       ||  1712
       Quick blade       |       |       |       |    33 |   390 |       ||   423
       Double sword      |       |       |       |       |    73 |   840 ||   913
       Scimitar          |       |       |       |       |    35 |    99 ||   134
Throw: Throwing net      |       |       |     1 |       |       |       ||     1
       Javelin           |       |       |       |       |     4 |     6 ||    10
Invok: Heroism           |       |       |       |     3 |     9 |     5 ||    17
       Finesse           |       |       |       |     1 |     2 |     2 ||     5
Evoke: Wand              |       |       |     7 |    19 |    41 |    14 ||    81
       Lightning rod     |       |       |       |       |     8 |     4 ||    12
  Use: Potion            |       |       |     2 |     4 |     5 |     6 ||    17
       Scroll            |       |       |       |    18 |     9 |     4 ||    31
 Stab: Sleeping          |       |     1 |       |       |       |       ||     1
       Held in net/web   |       |       |     1 |       |       |       ||     1
       Confused          |       |       |       |       |     4 |       ||     4
       Petrified         |       |       |       |       |     7 |       ||     7
  Eat: Chunk             |     1 |     4 |    11 |    32 |    80 |    16 ||   144
       Ration            |       |       |       |       |       |     6 ||     6
Armor: Leather armour    |    23 |    11 |       |       |       |       ||    34
       Ring mail         |       |     1 |    68 |       |       |       ||    69
       Scale mail        |       |       |       |   225 |   250 |       ||   475
       Chain mail        |       |       |       |       |   234 |     8 ||   242
       Swamp dragon scal |       |       |       |       |    54 |   326 ||   380
Dodge: Dodged            |    63 |    58 |   131 |   527 |   974 |   549 ||  2302
Block: Buckler           |       |       |    65 |   204 |   615 |   318 ||  1202
       Reflection        |       |       |       |       |    11 |    38 ||    49
       Rpst.: Long sword |    17 |    22 |    13 |       |    76 |       ||   128
       Falchion          |       |       |       |    60 |   125 |       ||   185
       Double sword      |       |       |       |       |    15 |    76 ||    91
       Scimitar          |       |       |       |       |     4 |    13 ||    17
